[ PARTIDA AOE2 · #506132866 ]
UnrankedWu vs Celts
Equipo del jugador · VICT
Equipo rival · DERR
[ ANÁLISIS DE REPETICIÓN · EXTRAÍDO DE LA PARTIDA GRABADA ]
Feudal
8:50
Castillos
20:57
Imperial
—
| APM promedio | 61.4 |
| APM pico | 111 |
| eAPM promedio | 40.5 |
| Aldeanos / militares | 312 / 76 |
Foco
⚔️ 46.3% · 🌾 53.7%
Unknown (1968) ×86 · Militia ×61 · Unknown (1974) ×58 · Archer ×6 · Mangonel ×5 · Monk ×3
Feudal
9:19
Castillos
21:58
Imperial
—
| APM promedio | 70.1 |
| APM pico | 92 |
| eAPM promedio | 35.1 |
| Aldeanos / militares | 179 / 129 |
Foco
⚔️ 47.0% · 🌾 53.0%
Woad Raider ×44 · Cavalry Archer ×38 · Skirmisher ×18 · Monk ×9 · Battering Ram ×8 · Mangonel ×5
Mapa de la partida
Recursos iniciales + cada clic de construcción. Líneas = muros · curvas = relieve. ◆ oro · ⬟ piedra · ● bayas · ✦ reliquia · ◌ hueco del cierre
Tu base· Abierta — hueco de 4t
Base de Oni.Lewis· ✓ Cerrada en 21:58 · 40t muro · 1 puerta(s)
Terreno inicial suavizado · ◌ = hueco del cierre detectado · pasá el cursor para detalles
Inputs por minuto
— wR.Monoz - - Oni.Lewis
Build order — wR.Monoz
Primeras 150 de 689 acciones detectadas
| 0:00 | Crear | Villager (Male) |
| 0:00 | Crear | Villager (Male) |
| 0:00 | Crear | Villager (Male) |
| 0:01 | Crear | Villager (Male) |
| 0:01 | Crear | Villager (Male) |
| 0:02 | Construir | House |
| 0:02 | Construir | House |
| 1:17 | Crear | Villager (Male) |
| 1:17 | Crear | Villager (Male) |
| 1:57 | Construir | Lumber Camp |
| 1:59 | Crear | Villager (Male) |
| 2:11 | Crear | Villager (Male) |
| 2:40 | Crear | Villager (Male) |
| 2:40 | Crear | Villager (Male) |
| 2:43 | Crear | Villager (Male) |
| 2:43 | Crear | Villager (Male) |
| 3:39 | Crear | Villager (Male) |
| 3:39 | Crear | Villager (Male) |
| 4:03 | Crear | Villager (Male) |
| 4:03 | Crear | Villager (Male) |
| 4:15 | Construir | House |
| 4:17 | Construir | House |
| 4:28 | Crear | Villager (Male) |
| 4:50 | Crear | Villager (Male) |
| 4:51 | Crear | Villager (Male) |
| 5:09 | Construir | Barracks |
| 5:47 | Crear | Villager (Male) |
| 6:02 | Crear | Villager (Male) |
| 6:10 | Construir | House |
| 6:39 | Investigar | Feudal Age |
| 6:39 | Investigar | Feudal Age |
| 6:44 | Crear | Militia |
| 6:44 | Crear | Militia |
| 6:58 | Construir | Mining Camp |
| 7:08 | Crear | Militia |
| 7:25 | Construir | Palisade Wall |
| 7:26 | Construir | Palisade Wall |
| 7:34 | Crear | Militia |
| 7:34 | Crear | Militia |
| 7:47 | Construir | Mill |
| 8:02 | Crear | Militia |
| 8:09 | Construir | House |
| 8:12 | Construir | Palisade Wall |
| 8:14 | Construir | Palisade Wall |
| 8:15 | Construir | Palisade Wall |
| 8:29 | Investigar | Loom |
| 8:50 | Edad | Edad Feudal |
| 8:57 | Construir | Archery Range |
| 9:02 | Investigar | Man-at-Arms (upgrade) |
| 9:02 | Investigar | Man-at-Arms (upgrade) |
| 9:06 | Investigar | Double-Bit Axe |
| 9:06 | Investigar | Double-Bit Axe |
| 9:17 | Construir | Palisade Wall |
| 9:17 | Construir | Palisade Wall |
| 9:29 | Crear | Villager (Male) |
| 9:29 | Crear | Villager (Male) |
| 9:34 | Construir | House |
| 9:53 | Crear | Villager (Male) |
| 10:19 | Crear | Archer |
| 10:21 | Crear | Villager (Male) |
| 10:21 | Crear | Villager (Male) |
| 10:38 | Crear | Villager (Male) |
| 10:44 | Construir | Farm |
| 10:44 | Construir | Farm |
| 10:58 | Crear | Villager (Male) |
| 10:58 | Crear | Villager (Male) |
| 11:14 | Crear | Villager (Male) |
| 11:14 | Crear | Villager (Male) |
| 11:15 | Construir | Farm |
| 11:39 | Construir | House |
| 11:55 | Crear | Villager (Male) |
| 12:00 | Construir | Farm |
| 12:05 | Crear | Archer |
| 12:07 | Construir | House |
| 12:13 | Construir | House |
| 12:15 | Crear | Archer |
| 12:21 | Construir | Farm |
| 12:22 | Construir | Farm |
| 12:23 | Construir | Farm |
| 13:01 | Crear | Villager (Male) |
| 13:02 | Crear | Archer |
| 13:04 | Construir | Palisade Wall |
| 13:05 | Construir | Palisade Wall |
| 13:06 | Construir | Palisade Wall |
| 13:17 | Crear | Villager (Male) |
| 13:17 | Crear | Villager (Male) |
| 13:28 | Crear | Villager (Male) |
| 13:33 | Construir | Farm |
| 13:34 | Construir | Farm |
| 13:39 | Construir | Blacksmith |
| 13:52 | Construir | Palisade Wall |
| 13:53 | Construir | Palisade Wall |
| 13:56 | Construir | Watch Tower |
| 14:03 | Construir | Farm |
| 14:05 | Construir | House |
| 14:06 | Construir | House |
| 14:25 | Construir | House |
| 14:27 | Investigar | Fletching |
| 14:37 | Construir | Farm |
| 14:39 | Crear | Villager (Male) |
| 14:39 | Crear | Villager (Male) |
| 14:40 | Crear | Villager (Male) |
| 14:46 | Construir | House |
| 15:10 | Crear | Archer |
| 15:23 | Crear | Villager (Male) |
| 15:24 | Construir | Farm |
| 16:04 | Crear | Villager (Male) |
| 16:24 | Crear | Villager (Male) |
| 16:26 | Construir | Farm |
| 16:26 | Construir | Farm |
| 16:28 | Crear | Archer |
| 16:37 | Construir | Farm |
| 17:02 | Crear | Villager (Male) |
| 17:03 | Construir | Farm |
| 17:21 | Construir | Barracks |
| 17:23 | Crear | Villager (Male) |
| 17:52 | Crear | Villager (Male) |
| 18:09 | Investigar | Castle Age |
| 18:09 | Investigar | Castle Age |
| 18:23 | Crear | Militia |
| 18:24 | Crear | Militia |
| 18:38 | Investigar | Horse Collar |
| 18:51 | Investigar | Gold Mining |
| 19:03 | Construir | Lumber Camp |
| 19:11 | Crear | Militia |
| 19:14 | Investigar | Arson |
| 19:17 | Crear | Militia ×2 |
| 19:17 | Crear | Militia ×2 |
| 19:31 | Investigar | Scale Mail Armor |
| 19:39 | Crear | Militia |
| 19:39 | Crear | Militia |
| 19:45 | Construir | Farm |
| 19:52 | Crear | Militia |
| 19:53 | Crear | Militia |
| 20:00 | Investigar | Arson |
| 20:00 | Investigar | Arson |
| 20:11 | Crear | Militia |
| 20:11 | Crear | Militia |
| 20:24 | Construir | Lumber Camp |
| 20:29 | Crear | Militia ×2 |
| 20:29 | Crear | Militia ×2 |
| 20:54 | Crear | Villager (Male) |
| 20:57 | Edad | Edad de los Castillos |
| 20:59 | Investigar | Long Swordsman (upgrade) |
| 20:59 | Investigar | Long Swordsman (upgrade) |
| 21:08 | Construir | House |
| 21:09 | Construir | House |
| 21:21 | Crear | Villager (Male) |
| 21:39 | Construir | Palisade Gate |
| 21:47 | Crear | Villager (Male) |
Build order — Oni.Lewis
Primeras 150 de 525 acciones detectadas
| 0:00 | Crear | Villager (Male) |
| 0:00 | Crear | Villager (Male) |
| 0:01 | Construir | House |
| 0:02 | Construir | House |
| 0:06 | Crear | Villager (Male) |
| 0:06 | Crear | Villager (Male) |
| 1:16 | Crear | Villager (Male) |
| 1:43 | Crear | Villager (Male) |
| 1:51 | Construir | Lumber Camp |
| 2:14 | Crear | Villager (Male) |
| 2:56 | Crear | Villager (Male) |
| 3:24 | Crear | Villager (Male) |
| 3:37 | Crear | Villager (Male) |
| 3:56 | Construir | House |
| 4:06 | Crear | Villager (Male) |
| 4:10 | Crear | Villager (Male) |
| 4:11 | Crear | Villager (Male) |
| 4:38 | Crear | Villager (Male) |
| 5:01 | Crear | Villager (Male) |
| 5:07 | Construir | Barracks |
| 5:19 | Crear | Villager (Male) |
| 5:25 | Crear | Villager (Male) |
| 5:31 | Crear | Villager (Male) |
| 5:40 | Crear | Villager (Male) |
| 5:43 | Construir | House |
| 6:10 | Crear | Villager (Male) |
| 6:15 | Crear | Villager (Male) |
| 6:28 | Investigar | Loom |
| 6:34 | Construir | House |
| 6:59 | Investigar | Feudal Age |
| 6:59 | Investigar | Feudal Age |
| 7:11 | Construir | Lumber Camp |
| 7:17 | Crear | Militia |
| 7:20 | Crear | Militia |
| 7:54 | Crear | Militia |
| 8:14 | Crear | Militia |
| 8:18 | Crear | Villager (Male) |
| 8:26 | Construir | Mining Camp |
| 8:38 | Construir | Mill |
| 8:49 | Crear | Villager (Male) |
| 9:19 | Edad | Edad Feudal |
| 9:23 | Investigar | Man-at-Arms (upgrade) |
| 9:23 | Investigar | Man-at-Arms (upgrade) |
| 9:28 | Crear | Villager (Male) |
| 9:31 | Construir | Archery Range |
| 9:39 | Construir | House |
| 9:40 | Construir | House |
| 9:41 | Construir | Palisade Wall |
| 9:53 | Crear | Villager (Male) |
| 10:05 | Construir | Palisade Wall |
| 10:07 | Construir | Palisade Wall |
| 10:16 | Construir | Palisade Wall |
| 10:16 | Construir | Palisade Wall |
| 10:24 | Crear | Villager (Male) |
| 10:24 | Crear | Villager (Male) |
| 10:26 | Construir | Palisade Wall |
| 10:27 | Construir | Palisade Wall |
| 10:37 | Construir | Palisade Wall |
| 10:57 | Construir | Farm |
| 10:58 | Construir | Farm |
| 10:59 | Construir | Farm |
| 11:15 | Construir | Farm |
| 11:56 | Construir | Farm |
| 12:00 | Construir | Farm |
| 12:00 | Construir | Farm |
| 12:02 | Construir | Farm |
| 12:10 | Construir | Farm |
| 12:32 | Crear | Villager (Male) |
| 12:32 | Crear | Villager (Male) |
| 12:56 | Crear | Villager (Male) |
| 13:24 | Construir | House |
| 13:27 | Construir | Farm |
| 13:27 | Crear | Villager (Male) |
| 13:28 | Construir | Farm |
| 13:28 | Construir | Farm |
| 13:30 | Crear | Archer |
| 13:31 | Crear | Villager (Male) |
| 13:46 | Construir | Palisade Wall |
| 13:51 | Construir | Farm |
| 13:59 | Crear | Villager (Male) |
| 14:06 | Crear | Skirmisher |
| 14:09 | Construir | Farm |
| 14:11 | Construir | Farm |
| 14:29 | Investigar | Double-Bit Axe |
| 14:29 | Investigar | Double-Bit Axe |
| 14:35 | Crear | Villager (Male) |
| 14:35 | Crear | Villager (Male) |
| 14:51 | Construir | House |
| 14:52 | Construir | House |
| 14:57 | Crear | Skirmisher |
| 15:03 | Construir | Palisade Wall |
| 15:03 | Crear | Villager (Male) |
| 15:09 | Crear | Skirmisher |
| 15:11 | Crear | Villager (Male) |
| 15:15 | Crear | Skirmisher |
| 15:25 | Construir | Palisade Wall |
| 15:28 | Crear | Skirmisher |
| 15:29 | Crear | Villager (Male) |
| 15:39 | Crear | Skirmisher |
| 15:56 | Crear | Skirmisher |
| 16:01 | Crear | Skirmisher |
| 16:13 | Crear | Villager (Male) |
| 16:16 | Crear | Skirmisher |
| 16:17 | Crear | Villager (Male) |
| 16:27 | Crear | Villager (Male) |
| 16:39 | Construir | Mining Camp |
| 16:41 | Crear | Skirmisher |
| 16:52 | Crear | Villager (Male) |
| 17:01 | Crear | Skirmisher |
| 17:14 | Crear | Villager (Male) |
| 17:17 | Construir | Palisade Gate |
| 17:18 | Construir | Palisade Wall |
| 17:24 | Crear | Villager (Male) |
| 17:32 | Crear | Villager (Male) |
| 17:34 | Construir | House |
| 17:37 | Construir | Palisade Wall |
| 17:37 | Construir | Palisade Wall |
| 17:40 | Construir | Palisade Wall |
| 17:41 | Crear | Skirmisher |
| 17:48 | Crear | Villager (Male) |
| 17:56 | Crear | Villager (Male) |
| 18:21 | Crear | Villager (Male) |
| 18:23 | Construir | Blacksmith |
| 18:25 | Crear | Skirmisher |
| 18:36 | Construir | Farm |
| 18:42 | Crear | Villager (Male) |
| 18:52 | Crear | Villager (Male) |
| 19:18 | Investigar | Castle Age |
| 19:18 | Investigar | Castle Age |
| 19:41 | Investigar | Horse Collar |
| 19:50 | Crear | Villager (Male) |
| 19:51 | Crear | Skirmisher |
| 20:10 | Crear | Skirmisher |
| 20:11 | Investigar | Fletching |
| 20:16 | Crear | Villager (Male) |
| 20:29 | Construir | Stable |
| 20:31 | Crear | Skirmisher |
| 20:37 | Investigar | Gold Mining |
| 20:38 | Crear | Villager (Male) |
| 20:41 | Crear | Villager (Male) |
| 20:49 | Crear | Skirmisher |
| 20:52 | Crear | Villager (Male) |
| 21:06 | Investigar | Padded Archer Armor |
| 21:07 | Crear | Villager (Male) |
| 21:10 | Construir | Farm |
| 21:11 | Crear | Villager (Male) |
| 21:20 | Crear | Skirmisher |
| 21:23 | Construir | Farm |
| 21:23 | Construir | Farm |
| 21:25 | Construir | Farm |
Cronología de la partida
| 5:07 | Oni.Lewis · first_building Barracks |
| 5:09 | wR.Monoz · first_building Barracks |
| 7:25 | wR.Monoz · wall_segment Palisade Wall x1 |
| 7:26 | wR.Monoz · wall_segment Palisade Wall x1 |
| 8:12 | wR.Monoz · wall_segment Palisade Wall x1 |
| 8:14 | wR.Monoz · wall_segment Palisade Wall x1 |
| 8:15 | wR.Monoz · wall_segment Palisade Wall x1 |
| 8:50 | wR.Monoz · age_up feudal |
| 8:57 | wR.Monoz · first_building Archery Range |
| 9:17 | wR.Monoz · wall_segment Palisade Wall x5 |
| 9:17 | wR.Monoz · wall_segment Palisade Wall x1 |
| 9:19 | Oni.Lewis · age_up feudal |
| 9:31 | Oni.Lewis · first_building Archery Range |
| 9:41 | Oni.Lewis · wall_segment Palisade Wall x2 |
| 10:05 | Oni.Lewis · wall_segment Palisade Wall x2 |
| 10:07 | Oni.Lewis · wall_segment Palisade Wall x1 |
| 10:16 | Oni.Lewis · wall_segment Palisade Wall x1 |
| 10:16 | Oni.Lewis · wall_segment Palisade Wall x1 |
| 10:26 | Oni.Lewis · wall_segment Palisade Wall x1 |
| 10:27 | Oni.Lewis · wall_segment Palisade Wall x1 |
| 10:37 | Oni.Lewis · wall_segment Palisade Wall x1 |
| 13:04 | wR.Monoz · wall_segment Palisade Wall x1 |
| 13:05 | wR.Monoz · wall_segment Palisade Wall x1 |
| 13:06 | wR.Monoz · wall_segment Palisade Wall x1 |
| 13:46 | Oni.Lewis · wall_segment Palisade Wall x7 |
| 13:52 | wR.Monoz · wall_segment Palisade Wall x6 |
| 13:53 | wR.Monoz · wall_segment Palisade Wall x10 |
| 15:03 | Oni.Lewis · wall_segment Palisade Wall x1 |
| 15:25 | Oni.Lewis · wall_segment Palisade Wall x7 |
| 17:18 | Oni.Lewis · wall_segment Palisade Wall x1 |
| 17:37 | Oni.Lewis · wall_segment Palisade Wall x4 |
| 17:37 | Oni.Lewis · wall_segment Palisade Wall x1 |
| 17:40 | Oni.Lewis · wall_segment Palisade Wall x9 |
| 20:29 | Oni.Lewis · first_building Stable |
| 20:57 | wR.Monoz · age_up castle |
| 21:58 | Oni.Lewis · age_up castle |
| 22:40 | wR.Monoz · first_building Siege Workshop |
| 22:52 | Oni.Lewis · wall_segment Palisade Wall x1 |
| 22:54 | Oni.Lewis · wall_segment Palisade Wall x1 |
| 22:58 | Oni.Lewis · wall_segment Palisade Wall x1 |
| 23:01 | Oni.Lewis · wall_segment Palisade Wall x1 |
| 23:04 | Oni.Lewis · wall_segment Palisade Wall x1 |
| 23:29 | wR.Monoz · first_building Monastery |
| 25:22 | Oni.Lewis · first_building Monastery |
| 25:32 | Oni.Lewis · wall_segment Palisade Wall x1 |
| 26:50 | Oni.Lewis · first_building Siege Workshop |
| 27:02 | Oni.Lewis · wall_segment Palisade Wall x1 |
| 27:03 | Oni.Lewis · wall_segment Palisade Wall x1 |
| 27:09 | Oni.Lewis · wall_segment Palisade Wall x1 |
| 27:10 | Oni.Lewis · wall_segment Palisade Wall x1 |
| 27:35 | Oni.Lewis · first_market_buy 100 food |
| 27:58 | Oni.Lewis · first_market_sell 100 wood |
| 28:13 | Oni.Lewis · wall_segment Palisade Wall x1 |
| 28:41 | Oni.Lewis · wall_segment Palisade Wall x1 |
| 32:56 | wR.Monoz · wall_segment Palisade Wall x1 |
| 33:12 | wR.Monoz · first_market_buy 100 food |
| 33:48 | wR.Monoz · first_market_sell 500 wood |
| 34:48 | wR.Monoz · first_building Castle |
| 39:14 | Oni.Lewis · first_building Castle |
| 45:54 | wR.Monoz · wall_segment Stone Wall x1 |
| 45:56 | wR.Monoz · wall_segment Stone Wall x1 |
| 51:16 | wR.Monoz · wall_segment Palisade Wall x1 |
| 51:16 | wR.Monoz · wall_segment Palisade Wall x1 |
| 51:28 | Oni.Lewis · resign |
[ ANÁLISIS IA · 1 CRÉDITO ]
¿Qué pasó realmente en esta partida?
Wolo.gg analiza cada decisión: build order, eco, micro, errores típicos por bracket. Análisis personalizado por WhatsApp o Discord en 30 segundos.
Guía civ
Wu
Perfil
Jugador #6779041